 Dungeon Sprint DCSS version 0.31-a0-841-g038b102fc3 (webtiles) character file.

Game seed: 18134275835733760463

14422 sircluck the Brawler (level 11, -9/198 HPs)
             Began as a Troll Berserker on Sept 27, 2023.
             Was the Champion of Trog.
             Mangled by a 15-headed hydra (13 damage)
             ... in the Dungeon (Sprint I: "Red Sonja").
             The game lasted 00:05:51 (1355 turns).

sircluck the Brawler (Troll Berserker)              Turns: 1355, Time: 00:05:51

Health: -9/198     AC:  7    Str: 37    XL:     11   Next: 88%
Magic:  10/10      EV: 14    Int:  3    God:    Trog [******]
Gold:   1242       SH:  0    Dex:  9    Spells: 10/10 levels left

rFire   . .          .
                       - Unarmed
rCold   . . .        (no shield)
rNeg    + . .        a - +0 animal skin
rPois   .            (helmet restricted)
rElec   +            s - +2 cloak {Will+}
rCorr   .            (gloves unavailable)
SInv    +            (boots unavailable)
Will    +....        (no amulet) Stlth
                     k - ring of see invisible
HPRegen 1.33/turn    o - ring of the Enemy {rElec rN+ Str+6}
MPRegen 0.12/turn

%: no teleportation
@: berserking, very quick
A: large, unfitting armour, claws 3, regeneration 1, shaggy fur 1, tough skin 1,
screaming 1
a: Renounce Religion, Berserk, Trog's Hand, Brothers in Arms


You were in the Dungeon.
You worshipped Trog.
Trog was exalted by your worship.
You visited 1 branch You collected 2391 gold pieces.
You spent 1149 gold pieces at shops.

Inventory:

Missiles
 m - 5 curare-tipped darts
 p - 4 large rocks
Armour
 a - a +0 animal skin (worn)
 s - a +2 cloak of willpower (worn)
Jewellery
 k - a ring of see invisible (left claw)
 o - the ring of the Enemy (right claw) {rElec rN+ Str+6}
   (You bought it in a shop in the Dungeon)

   [ring of strength]

   Str+6:     It affects your strength (+6).
   rElec:     It insulates you from electricity.
   rN+:       It protects you from negative energy.
Wands
 h - a wand of paralysis (10)
 q - a wand of iceblast (4)
Scrolls
 g - 3 scrolls of blinking
 i - a scroll of revelation
 j - a scroll of fear {unknown}
 l - a scroll of poison {unknown}
 r - a scroll of fog {unknown}
 t - a scroll of torment {unknown}
Potions
 b - 3 potions of curing
 c - 2 potions of heal wounds
 d - a potion of haste
 e - 2 potions of magic
 f - a potion of berserk rage
 n - a potion of invisibility {unknown}


   Skills:
 + Level 15.2 Fighting
 + Level 15.0 Dodging
 + Level 17.7 Unarmed Combat


You had 10 spell levels left.
You didn't know any spells.
Your spell library was empty.

Dungeon Overview and Level Annotations

Branches:
Dungeon (1/1)

Altars:
Cheibriados
Dithmenos
Elyvilon
Fedhas
Gozag
Hepliaklqana
Kikubaaqudgha
Makhleb
Nemelex Xobeh
Okawaru
Qazlal
Ru
Sif Muna
Trog
Uskayaw
Vehumet
Wu Jian
Xom
Yredelemnul
Zin
The Shining One
Jiyva
Lugonu

Shops:
D ==:=[([:=*[((!=*:[*[?


Innate Abilities, Weirdness & Mutations

You are too large for most types of armour.
You have claws for hands.
Your natural rate of healing is unusually fast.
You are covered in fur. (AC +1)
You have tough skin. (AC +1)
You occasionally shout uncontrollably at your foes.


Message History

The 12-headed hydra grows two more!
You claw the 14-headed hydra!
The 14-headed hydra is heavily wounded.
The 14-headed hydra bites you but does no damage.
The 14-headed hydra barely misses you.
The 14-headed hydra bites you but does no damage.
The 14-headed hydra bites you. The 14-headed hydra bites you! x2
* * * LOW HITPOINT WARNING * * *
The 14-headed hydra bites you.
* * * LOW HITPOINT WARNING * * *
The 14-headed hydra barely misses you. The 14-headed hydra closely misses you.
The 14-headed hydra bites you!
* * * LOW HITPOINT WARNING * * *
The 14-headed hydra misses you. The 14-headed hydra closely misses you.
The 14-headed hydra completely misses you.
The 14-headed hydra bites you but does no damage.
You tear one of the 14-headed hydra's heads off!
The 13-headed hydra grows two more!
You claw the 15-headed hydra! Your claw misses the 15-headed hydra.
The 15-headed hydra is severely wounded.
You barely miss the 15-headed hydra. You claw the 15-headed hydra.
The 15-headed hydra is severely wounded.
You barely miss the 15-headed hydra.
The 15-headed hydra is severely wounded.
The 15-headed hydra bites you!
* * * LOW HITPOINT WARNING * * *
The 15-headed hydra bites you!
* * * LOW HITPOINT WARNING * * *
The 15-headed hydra closely misses you. The 15-headed hydra bites you.
* * * LOW HITPOINT WARNING * * *
The 15-headed hydra misses you.
The 15-headed hydra completely misses you.
The 15-headed hydra barely misses you. The 15-headed hydra bites you.
* * * LOW HITPOINT WARNING * * *
The 15-headed hydra barely misses you. x2; The 15-headed hydra bites you.
* * * LOW HITPOINT WARNING * * *
The 15-headed hydra completely misses you.
The 15-headed hydra bites you.
* * * LOW HITPOINT WARNING * * *
The 15-headed hydra bites you!
You die...

#####################************
).#).#.)§.§§.§§§@DG$#,,+,,,,*,,,,
..##'#.####§§§§§##$.+,,*,,,,**,,,
..)).#§#.###.§§##**##*+*,,,,,****
###..'.#'#.###+#,,,**,,*,,,,,*,,,
.##+####...#y#,**,,,*,,**,,,,*,∩,
.#○....#...###,,***,*,,~***+**,,,
§#°○..°'.....#*,*,*,*,,~,,*,****+
§###...#.....#,,***,*,,~,**+*,,,,
§'.#...###++##,**,,,*,,~**,,,,,,,


You could see a 15-headed hydra and a floating eye (charged).

Vanquished Creatures
  A lorocyproca (D)
  2 centaur warriors (D)
  4 demonic crawlers (D)
  Sonja (D)
  A deep troll (D)
  A lindwurm (D)
  2 shining eyes (D)
  An oklob plant (D)
  A gargoyle (D)
  2 unseen horrors (D)
  2 kobold demonologists (D)
  A hornet (D)
  Sigmund (D)
  A slime creature (D)
  A yak (D)
  13 hogs (D)
  2 redbacks (D)
  4 floating eyes (D)
  An ogre (D)
  7 necrophages (D)
  8 jellies (D)
  Ijyb (D)
  A ballistomycete spore (D)
59 creatures vanquished.

Vanquished Creatures (collateral kills)
  6 shining eyes (D)
  2 floating eyes (D)
8 creatures vanquished.

Vanquished Creatures (others)
  A ballistomycete spore (D)
1 creature vanquished.

Grand Total: 68 creatures vanquished

Notes
Turn   | Place    | Note
-------+----------+-------------------------------------------
     0 | D        | sircluck the Troll Berserker began the quest for the Orb.
     0 | D        | Reached XP level 1. HP: 22/22 MP: 0/0
     1 | D        | Noticed Ijyb
    13 | D        | Paralysed by Ijyb for 4 turns
    19 | D        | Killed Ijyb
    20 | D        | Reached skill level 4 in Unarmed Combat
    20 | D        | Reached XP level 2. HP: 32/32 MP: 1/1
    23 | D        | Noticed an ogre
    27 | D        | Killed an ogre
    28 | D        | Reached skill level 5 in Fighting
    28 | D        | Reached skill level 5 in Dodging
    28 | D        | Reached skill level 6 in Unarmed Combat
    28 | D        | Reached XP level 3. HP: 42/42 MP: 2/2
    28 | D        | Reached XP level 4. HP: 50/50 MP: 3/3
    38 | D        | Noticed Sigmund
    47 | D        | Killed Sigmund
    47 | D        | Reached ** piety under Trog
    48 | D        | Reached skill level 7 in Unarmed Combat
    48 | D        | Reached XP level 5. HP: 50/61 MP: 4/4
    48 | D        | Reached XP level 6. HP: 56/68 MP: 5/5
    72 | D        | Found an ornate altar of the Wu Jian Council.
    72 | D        | Found a shimmering blue altar of Sif Muna.
    74 | D        | Found a radiant altar of Vehumet.
    79 | D        | Reached skill level 8 in Unarmed Combat
    86 | D        | Noticed a centaur warrior
    87 | D        | Noticed a centaur warrior
    96 | D        | Killed a centaur warrior
    97 | D        | Reached skill level 10 in Unarmed Combat
    97 | D        | Reached XP level 7. HP: 45/81 MP: 6/6
    98 | D        | Killed a centaur warrior
    98 | D        | Reached *** piety under Trog
    99 | D        | Reached skill level 11 in Unarmed Combat
    99 | D        | Reached XP level 8. HP: 38/93 MP: 7/7
   148 | D        | Noticed a hornet
   149 | D        | Paralysed by a hornet for 3 turns
   159 | D        | Killed a hornet
   160 | D        | Reached skill level 10 in Fighting
   218 | D        | Noticed an oklob plant
   223 | D        | Killed an oklob plant
   224 | D        | Reached skill level 10 in Dodging
   224 | D        | Reached skill level 12 in Unarmed Combat
   224 | D        | Reached XP level 9. HP: 48/102 MP: 8/8
   324 | D        | Noticed a deep troll
   331 | D        | Killed a deep troll
   331 | D        | Reached **** piety under Trog
   332 | D        | Reached skill level 13 in Unarmed Combat
   344 | D        | Found Leemm's Armour Emporium.
   371 | D        | Noticed Sonja
   380 | D        | Killed Sonja
   451 | D        | Found Xiutol's Jewellery Emporium.
   451 | D        | Found an ancient bone altar of Kikubaaqudgha.
   451 | D        | Found a stormy altar of Qazlal.
   451 | D        | Found a blossoming altar of Fedhas.
   451 | D        | Found a bloodstained altar of Trog.
   451 | D        | Found an iron altar of Okawaru.
   451 | D        | Found a glowing golden altar of the Shining One.
   451 | D        | Found a glowing silver altar of Zin.
   451 | D        | Found a white marble altar of Elyvilon.
   468 | D        | Found a hazy altar of Hepliaklqana.
   468 | D        | Found a hide-covered altar of Uskayaw.
   468 | D        | Found a basalt altar of Yredelemnul.
   468 | D        | Found a snail-covered altar of Cheibriados.
   468 | D        | Found a sacrificial altar of Ru.
   468 | D        | Found a shadowy altar of Dithmenos.
   469 | D        | Found an opulent altar of Gozag.
   470 | D        | Found a sparkling altar of Nemelex Xobeh.
   506 | D        | Found a burning altar of Makhleb.
   506 | D        | Found a viscous altar of Jiyva.
   506 | D        | Found a shimmering altar of Xom.
   506 | D        | Found a corrupted altar of Lugonu.
   525 | D        | Noticed a kobold demonologist
   525 | D        | Noticed a kobold demonologist
   528 | D        | Reached ***** piety under Trog
   533 | D        | Killed a kobold demonologist
   534 | D        | Reached XP level 10. HP: 115/115 MP: 9/9
   535 | D        | Noticed a rust devil
   537 | D        | Reached skill level 14 in Unarmed Combat
   600 | D        | Found Esecuts's Jewellery Boutique.
   608 | D        | Bought the ring of the Enemy {rElec rN+ Str+6} for 758 gold
                  | pieces
   652 | D        | Identified the +10 quarterstaff "Xilas" {flame, Drain
                  | Dex+7} (Trog gifted it to you in the Dungeon)
   652 | D        | Received a gift from Trog
   706 | D        | Received a gift from Trog
   717 | D        | Paralysed by a floating eye for 2 turns
   737 | D        | Reached ****** piety under Trog
   740 | D        | Received a gift from Trog
   746 | D        | Identified the +3 hand axe "Dragonslayer" {spect, Fragile
                  | rN+ Str+2 Dex+4}
   757 | D        | Found Meqadghe's Book Shoppe.
   757 | D        | Found Yxufecuk's Antique Armour Shop.
   757 | D        | Found Fieruxeq's Jewellery Boutique.
   759 | D        | Found Tozxiw's Assorted Antiques.
   759 | D        | Found Vuyryegip's Armour Shop.
   759 | D        | Found Paelex's Weapon Shoppe.
   759 | D        | Found Votuyfoc's Antique Weapon Boutique.
   759 | D        | Found Enucegh's Distillery.
   759 | D        | Found Saysuitt's Jewellery Shop.
   759 | D        | Found Ymuxtai's General Store.
   763 | D        | Found Nil Pius's Book Boutique.
   764 | D        | Found Leciseul's Assorted Antiques.
   764 | D        | Found Itzer's Antique Armour Boutique.
   765 | D        | Bought a +2 cloak of willpower for 301 gold pieces
   765 | D        | Found Moon's Magic Scroll Emporium.
   774 | D        | Bought a scroll of revelation for 90 gold pieces
   774 | D        | Noticed a fire giant
   774 | D        | Noticed a fire giant
   774 | D        | Noticed a fire giant
   835 | D        | Noticed a shining eye
   835 | D        | Noticed a shining eye
   835 | D        | Noticed a shining eye
   839 | D        | Killed a shining eye
   840 | D        | Reached skill level 15 in Unarmed Combat
   840 | D        | Paralysed by a floating eye for 3 turns
   841 | D        | Killed a shining eye
   842 | D        | Killed a shining eye
   846 | D        | Noticed a shining eye
   846 | D        | Noticed a shining eye
   846 | D        | Noticed a shining eye
   849 | D        | Killed a shining eye
   851 | D        | Killed a shining eye
   852 | D        | Reached XP level 11. HP: 127/127 MP: 10/10
   854 | D        | Killed a shining eye
   858 | D        | Noticed a shining eye
   858 | D        | Noticed a shining eye
   859 | D        | Paralysed by a floating eye for 2 turns
   860 | D        | Received a gift from Trog
   862 | D        | Gained mutation: You occasionally shout uncontrollably at
                  | your foes. [a shining eye]
   864 | D        | Killed a shining eye
   865 | D        | Reached skill level 16 in Unarmed Combat
   867 | D        | Killed a shining eye
   877 | D        | Found Xiapniza's Jewellery Shoppe.
   877 | D        | Found Maduce's Antique Armour Shop.
   877 | D        | Found Kykh's Book Emporium.
   877 | D        | Found Bupnoece's Weapon Boutique.
   928 | D        | Noticed a demonic crawler
   928 | D        | Noticed a demonic crawler
   928 | D        | Noticed a demonic crawler
   928 | D        | Noticed a demonic crawler
   933 | D        | Killed a demonic crawler
   936 | D        | Killed a demonic crawler
   939 | D        | Killed a demonic crawler
   943 | D        | Killed a demonic crawler
   943 | D        | Received a gift from Trog
  1077 | D        | Noticed a lorocyproca
  1086 | D        | Killed a lorocyproca
  1087 | D        | Reached skill level 17 in Unarmed Combat
  1291 | D        | Noticed a lindwurm
  1293 | D        | Killed a lindwurm
  1308 | D        | Received a gift from Trog
  1309 | D        | Reached skill level 15 in Fighting
  1327 | D        | Reached skill level 15 in Dodging
  1327 | D        | Identified the +6 giant spiked club "Xiagh" {flame, Str+2
                  | Dex+2} (Trog gifted it to you in the Dungeon)
  1327 | D        | Received a gift from Trog
  1348 | D        | Noticed a 12-headed hydra
  1355 | D        | HP: 7/198 [15-headed hydra (3)]
  1355 | D        | Mangled by a 15-headed hydra

Illustrated notes

Levels and vault maps discovered:
D:        dungeon_sprint_1 [red_sonja_temple_1, red_sonja_temple_small_1]

Skill      XL: |  1  2  3  4  5  6  7  8  9 10 11 |
---------------+----------------------------------+-----
Fighting       | 3 5 6 8 9 10 11 13 15 | 15.2
Dodging        | 3 5 6 8 9 10 11 13 15 | 15.0
Unarmed Combat | 4 6 7 10 11 12 13 15 17 | 17.7

Action                     |  1- 3 |  4- 6 |  7- 9 | 10-12 || total
---------------------------+-------+-------+-------+-------++-------
  Melee: Unarmed           |    17 |    15 |    40 |   103 ||   175
         Punch             |       |     2 |     4 |    10 ||    16
 Invoke: Berserk           |       |     1 |     4 |     2 ||     7
         Brothers in Arms  |       |       |       |     1 ||     1
    Use: Scroll            |       |       |       |     1 ||     1
 Armour: Animal skin       |     6 |    19 |    41 |   104 ||   170
  Dodge: Dodged            |     4 |     6 |    23 |    58 ||    91

Table legend: (Time is in decaauts)
 A = Elapsed time spent in this place.
 B = Non-inter-level travel time spent in this place.
 C = Inter-level travel time spent in this place.
 D = Time resting spent in this place.
 E = Time spent auto-exploring this place.
 F = Levels seen in this place.
 G = Mean time per level.
                   A        B        C        D        E       F      G
               +--------+--------+--------+--------+--------+-----+--------+
         Total |   1376 |   1351 |     25 |    396 |    201 |   1 | 1376.0 |
       Dungeon |   1376 |   1351 |     25 |    396 |    201 |   1 | 1376.0 |
               +--------+--------+--------+--------+--------+-----+--------+

Top non-repeatable levels by time:
       D: 1376 daAuts
